 Dungeon Crawl Stone Soup version 0.30-a0-808-g6e0788376e (webtiles) character file.

Game seed: 11518277937349852171

982 quinnr the Gusty (level 8, -3/69 HPs)
             Began as a Naga Air Elementalist on Feb 26, 2023.
             Slain by Pikel
             ... wielding a +2 whip of electrocution
              (19 damage)
             ... on level 4 of the Dungeon.
             The game lasted 00:14:25 (6420 turns).

quinnr the Gusty (Naga Air Elementalist)            Turns: 6420, Time: 00:14:26

Health: -3/69      AC:  3    Str: 11    XL:     8   Next: 17%
Magic:  0/13       EV: 10    Int: 17    God:
Gold:   150        SH:  0    Dex: 12    Spells: 7/14 levels left

rFire   . . .      SeeInvis +    k - +1 dagger (elec)
rCold   . . .      Faith    .    (no shield)
rNeg    . . .      Spirit   .    a - +0 robe
rPois   +          Reflect  .    (no helmet)
rElec   .          Harm     .    (no cloak)
rCorr   .          Rampage  .    (no gloves)
Will    +....                    (no barding)
Stlth   +++                      (no amulet)
HPRegen 0.31/turn                (no ring)
MPRegen 0.13/turn                (no ring)

@: very slow
A: AC +2, large, see invisible, deformed body, poison resistance, slowness 2,
spit poison 1, naga tail 1
a: Spit Poison


You were on level 4 of the Dungeon.
You visited 1 branch of the dungeon, and saw 5 of its levels.
You also visited: Sewer.

You collected 150 gold pieces.


Innate Abilities, Weirdness & Mutations

Your serpentine skin is tough. (AC +2)
You have supernaturally acute eyesight. (SInv)
Armour fits poorly on your strangely shaped body.
Your system is resistant to poisons. (rPois)
You cover ground very slowly.
You can spit poison.
You have a snake-like lower body.


   Skills:
 - Level 3.0 Fighting
 - Level 2.0 Dodging
 - Level 6.0 Stealth
 + Level 3.8 Spellcasting
 - Level 4.0 Conjurations
 + Level 6.2 Air Magic


You had 7 spell levels left.
You knew the following spells:

 Your Spells              Type           Power      Damage    Failure   Level
a - Airstrike             Air            12%        2d(2-18)  12%         4
t - Static Discharge      Conj/Air       40%        2-4/arc   3%          2
z - Shock                 Conj/Air       80%        1d8       1%          1

Your spell library contained the following spells:

 Spells                   Type           Power      Damage    Failure   Level
 Swiftness                Air            24%        N/A       3%          3
 Stone Arrow              Conj/Erth      20%        3d8       22%         3
 Frozen Ramparts          Ice            6%         1d1       43%         3
 Animate Armour           Summ/Erth      6%         N/A       85%         4
 Ice Form                 Ice/Tmut       3%         N/A       85%         4
 Summon Ice Beast         Ice/Summ       3%         N/A       85%         4
 Lehudib's Crystal Spear  Conj/Erth      5%         10d3      100%        8

Inventory:

Hand Weapons
 g - a +0 dagger of freezing
 h - a +1 dagger of venom
 k - a +1 dagger of electrocution (weapon)
Armour
 a - a +0 robe (worn)
 m - a +1 hat
Wands
 p - a wand of charming (3)
Scrolls
 d - a scroll of noise
 i - a scroll of vulnerability
 n - 3 scrolls of magic mapping {unknown}
 o - a scroll of enchant armour {unknown}
Potions
 b - a potion of magic
 c - 2 potions of curing {@q1}
 e - a potion of flight
 j - a potion of ambrosia {unknown}
 l - 2 potions of haste {unknown}
 q - a potion of cancellation {unknown}
 r - 3 potions of heal wounds {unknown}
 s - a potion of brilliance {unknown}

Dungeon Overview and Level Annotations

Branches:
Dungeon (5/15)              Sewer (visited)
 Temple: D:4-7

Altars:
Cheibriados

Annotations:
D:4 Pikel

###.###
#.#...........
#......)#
#.#.......#...
#..######
#.##.......... #
#.##....#####. #.
#.##.#### ##
#..##########.##.#
#
#.............##.#
#
##......K.######.#
#
########@######.#
# #........#
##########


You could see Pikel.


Message History

Pikel is almost dead.
Pikel hits you with a +2 whip of electrocution!
You barely miss Pikel.
Pikel is almost dead.
Pikel hits you with a +2 whip of electrocution!
You hit Pikel but do no damage.
Pikel is almost dead.
Pikel hits you with a +2 whip of electrocution!
You hit Pikel.
Pikel is almost dead.
Pikel hits you with a +2 whip of electrocution!
* * * LOW HITPOINT WARNING * * *
You are electrocuted!
* * * LOW HITPOINT WARNING * * *
Casting: Airstrike (dangerous; 12% risk of failure)
Confirm with . or Enter, or press ? or * to list all spells.
Aiming: Shock (safe; 1% risk of failure)
Press: ? - help, Shift-Dir - straight line, f/p - Pikel
Aim: Pikel, wielding a +2 whip of electrocution and wearing a +0 robe (almost dead, 64% to hit)
The zap hits Pikel.
Pikel is almost dead.
Pikel barely misses you.
Your magical contamination has completely faded away.
Unknown command.
You hit Pikel but do no damage.
Pikel is almost dead.
Pikel hits you with a +2 whip of electrocution.
* * * LOW HITPOINT WARNING * * *
You are electrocuted!!
You die...

Skill      XL: |  1  2  3  4  5  6  7 |
---------------+----------------------+-----
Stealth        | 4 6 |  6.0
Conjurations   | 2 3 4 |  4.0
Air Magic      | 4 5 6 |  6.2
Fighting       | 1 3 |  3.0
Dodging        | 2 |  2.0
Spellcasting   | 3 |  3.8

Action                     |  1- 3 |  4- 6 |  7- 9 || total
---------------------------+-------+-------+-------++-------
  Melee: Unarmed           |    20 |       |       ||    20
         Dagger            |    22 |    32 |    39 ||    93
   Cast: Shock             |    63 |    58 |    96 ||   217
         Static Discharge  |       |     9 |    24 ||    33
         Airstrike         |       |       |     3 ||     3
    Use: Potion            |       |     2 |       ||     2
         Scroll            |       |     3 |     2 ||     5
   Stab: Sleeping          |       |     1 |       ||     1
 Armour: Robe              |    10 |    21 |    17 ||    48
  Dodge: Dodged            |    31 |    47 |    45 ||   123

Levels and vault maps discovered:
D:1:      scummos_arrival_forest, layout_basic,
          hellmonk_ecumenical_altar_arch_garden
D:2:      layout_rooms, minmay_goblin_kobold_house
D:3:      layout_basic, st_stairs_5, uniq_sigmund
D:4:      minmay_recursive_quarters, layout_loops_ring, cheibrodos_worm_habitat,
          gup_sewer_entry_pipe, roderic_batcave, uniq_ijyb, uniq_pikel
D:5:      layout_basic, feat_on_display

Notes
Turn   | Place    | Note
-------+----------+-------------------------------------------
     0 | D:1      | quinnr the Naga Air Elementalist began the quest for the
                  | Orb.
     0 | D:1      | Reached XP level 1. HP: 15/15 MP: 3/3
   156 | D:1      | Found a faded altar of an unknown god.
   436 | D:1      | Reached XP level 2. HP: 18/22 MP: 0/5
   910 | D:1      | Learned a level 2 spell: Static Discharge
  1096 | D:1      | Reached skill level 4 in Stealth
  1491 | D:2      | Reached XP level 3. HP: 28/28 MP: 3/6
  2221 | D:3      | Reached skill level 2 in Conjurations
  2221 | D:3      | Reached XP level 4. HP: 36/36 MP: 0/7
  2245 | D:3      | Reached skill level 5 in Stealth
  2245 | D:3      | Reached skill level 4 in Air Magic
  2329 | D:3      | Noticed Sigmund
  2545 | D:3      | Killed Sigmund
  2546 | D:3      | Reached skill level 6 in Stealth
  2546 | D:3      | Reached skill level 3 in Conjurations
  2546 | D:3      | Reached XP level 5. HP: 20/42 MP: 2/8
  2546 | D:3      | Reached XP level 6. HP: 24/49 MP: 2/9
  3313 | D:4      | Reached skill level 5 in Air Magic
  3637 | D:4      | Noticed Ijyb
  3645 | D:4      | Killed Ijyb
  3663 | D:4      | Found a glowing drain.
  3673 | Sewer    | Entered a sewer
  3862 | Sewer    | Reached skill level 1 in Fighting
  3976 | Sewer    | Reached XP level 7. HP: 34/57 MP: 3/10
  4236 | Sewer    | Reached skill level 2 in Dodging
  4588 | Sewer    | Learned a level 4 spell: Airstrike
  4916 | D:4      | Reached skill level 2 in Fighting
  4916 | D:4      | Reached skill level 4 in Conjurations
  5034 | D:4      | Found a snail-covered altar of Cheibriados.
  5149 | D:4      | Reached skill level 3 in Spellcasting
  5546 | D:4      | Reached skill level 3 in Fighting
  5546 | D:4      | Reached skill level 6 in Air Magic
  5546 | D:4      | Reached XP level 8. HP: 57/69 MP: 4/13
  5682 | D:4      | Noticed Pikel
  5895 | D:5      | Entered Level 5 of the Dungeon
  6420 | D:4      | Slain by Pikel

Vanquished Creatures
  Sigmund (D:3)
  2 black bears (D:4)
  A phantom (D:4)
  A kobold brigand (Sewer)
  4 lemures (D:4)
  2 vampire bats (D:4)
  A gnoll bouda (D:4)
  An orc priest (D:3)
  A hound (D:4)
  2 iguanas (D:4)
  Ijyb (D:4)
  An orc wizard (D:3)
  4 adders
  4 gnolls
  3 river rats (Sewer)
  An ufetubus (D:4)
  3 worms
  5 orcs (D:3)
  13 ball pythons
  7 bats
  9 endoplasms
  5 giant cockroaches
  5 goblins (D:2)
  11 hobgoblins
  8 quokkas
  3 frilled lizards
  24 kobolds
  21 rats
144 creatures vanquished.

Table legend: (Time is in decaauts)
 A = Elapsed time spent in this place.
 B = Non-inter-level travel time spent in this place.
 C = Inter-level travel time spent in this place.
 D = Time resting spent in this place.
 E = Time spent auto-exploring this place.
 F = Levels seen in this place.
 G = Mean time per level.
                   A        B        C        D        E       F      G
               +--------+--------+--------+--------+--------+-----+--------+
         Total |   7761 |   7494 |    267 |    832 |   5319 |   6 | 1293.5 |
       Dungeon |   6396 |   6129 |    267 |    634 |   4373 |   5 | 1279.2 |
         Sewer |   1365 |   1365 |      0 |    198 |    945 |   1 | 1365.0 |
               +--------+--------+--------+--------+--------+-----+--------+

Top non-repeatable levels by time:
     D:4: 1903 daAuts
     D:1: 1532 daAuts
     D:3: 1408 daAuts
   Sewer: 1365 daAuts
     D:2: 1295 daAuts
     D:5: 256 daAuts

Table legend:
 A = Non-vault XP
 B = Vault XP
 C = Vault XP percentage of total XP
 D = Non-vault monster count
 E = Vault monster count
 F = Vault count percentage of total count
                 A         B        C        D         E       F
            +---------+---------+-------+---------+---------+-------
      Total |     784 |     620 |  44.2 |      64 |      76 |  54.3
            +---------+---------+-------+---------+---------+-------
        D:1 |      22 |       0 |   0.0 |      11 |       0 |   0.0
        D:2 |      34 |      10 |  22.7 |      12 |       5 |  29.4
        D:3 |     111 |     226 |  67.1 |      17 |       3 |  15.0
        D:4 |     602 |     184 |  23.4 |      23 |      21 |  47.7
        D:5 |      15 |       0 |   0.0 |       1 |       0 |   0.0
      Sewer |       0 |     200 | 100.0 |       0 |      47 | 100.0
            +---------+---------+-------+---------+---------+-------
